 Dungeon Crawl Stone Soup version 0.28.0-1-gb440e238dd (webtiles) character file.

Game seed: 1879445977774928808

159337 theElss the Warrior (level 17, -6/174 HPs)
             Began as a Gargoyle Berserker on Feb 21, 2022.
             Was a High Priest of Trog.
             Mangled by a seven-headed hydra (9 damage)
             ... called by a spriggan druid
             ... on level 3 of the Swamp on Feb 22, 2022.
             The game lasted 01:42:48 (37622 turns).

theElss the Warrior (Gargoyle Berserker)           Turns: 37622, Time: 01:42:48

Health: -6/174     AC: 38    Str: 30    XL:     17   Next: 74%
Magic:  17/17      EV: 14    Int:  9    God:    Trog [*****.]
Gold:   2681       SH: 21    Dex: 12    Spells: 16/16 levels left

rFire   . . .      SeeInvis .   a - +2 demon whip (drain)
rCold   . . .      Faith    .   G - +1 tower shield
rNeg    + . .      Spirit   .   H - +0 plate armour
rPois   ∞          Reflect  +   p - +0 hat {Will+}
rElec   +          Harm     .   U - +2 cloak of Qylox Vuce {Dex+5}
rCorr   .          Rampage  .   A - +1 pair of gloves of Music {+Inv Regen+ Str+4 Dex-4}
Will    ++...                   O - +0 pair of boots
Stlth   ..........              E - amulet of reflection
HPRegen 1.19/turn               l - +4 ring of evasion
MPRegen 0.15/turn               C - +4 ring of protection

@: berserking (expiring), corroded, flying, very quick
A: sickness immunity, AC +12, big wings, negative energy resistance 1,
electricity resistance, torment resistance 1, petrification resistance
a: Renounce Religion, Evoke Invisibility, Berserk, Trog's Hand, Brothers in Arms


You were on level 3 of the Swamp.
You worshipped Trog.
Trog was extremely pleased with you.
You visited 4 branches of the dungeon, and saw 26 of its levels.
You also visited: Sewer, Ossuary and Gauntlet.

You collected 2739 gold pieces.
You spent 58 gold pieces at shops.

Inventory:

Hand Weapons
 a - a +2 demon whip of draining (weapon)
 b - a +4 morningstar of flaming
 s - the +10 dire flail of Plunder {vorpal, Fly rC++ rN+ Dex-3}
   (Trog gifted it to you on level 4 of the Lair of Beasts)

   It inflicts extra damage upon your enemies.
   Dex:       It affects your dexterity (-3).
   rC:        It greatly protects you from cold.
   rN:        It protects you from negative energy.
   Fly:       It grants you flight.
 P - a +1 whip of freezing
Missiles
 d - 3 throwing nets (quivered)
Armour
 p - a +0 hat of willpower (worn)
 A - the +1 pair of gloves of Music (worn) {+Inv Regen+ Str+4 Dex-4}
   (You found it on level 1 of the Swamp)

   Str:       It affects your strength (+4).
   Dex:       It affects your dexterity (-4).
   +Inv:      It lets you turn invisible.
   Regen:     It increases your rate of health regeneration.
 G - a +1 tower shield (worn)
 H - a +0 plate armour (worn)
 O - a +0 pair of boots (worn)
 U - the +2 cloak of Qylox Vuce (worn) {Dex+5}
   (You found it in a Gauntlet)

   Dex:       It affects your dexterity (+5).
 W - a +2 pair of gloves
Jewellery
 g - a ring of ice
 l - a +4 ring of evasion (left hand)
 y - an amulet of guardian spirit
 C - a +4 ring of protection (right hand)
 E - an amulet of reflection (around neck)
 I - a ring of resist corrosion
 K - a +6 ring of dexterity
Wands
 k - a wand of polymorph (28)
 B - a wand of flame (19)
 F - a wand of digging (12)
 L - a wand of paralysis (9)
 M - a wand of mindburst (8)
 N - a wand of iceblast (10)
Scrolls
 e - 2 scrolls of magic mapping
 h - 5 scrolls of fog
 j - 6 scrolls of enchant armour
 m - 4 scrolls of fear
 n - 5 scrolls of blinking
 q - a scroll of acquirement
 v - a scroll of brand weapon
 w - 4 scrolls of immolation
 D - 2 scrolls of summoning
 J - 3 scrolls of vulnerability
 S - a scroll of holy word
 T - 6 scrolls of identify
 V - 2 scrolls of silence
Potions
 c - 4 potions of might
 f - 4 potions of ambrosia
 i - 7 potions of curing
 r - 4 potions of attraction
 t - 2 potions of mutation
 u - 2 potions of magic
 x - a potion of invisibility
 z - 2 potions of cancellation
 Q - a potion of resistance
 R - 4 potions of haste
Miscellaneous
 o - a phial of floods


   Skills:
 + Level 16.6 Fighting
 - Level 15.0 Maces & Flails
 + Level 16.4 Armour
 + Level 12.9 Dodging
 - Level 10.0 Shields
 - Level 7.0 Evocations


You had 16 spell levels left.
You didn't know any spells.
Your spell library was empty.

Dungeon Overview and Level Annotations

Branches:
Dungeon (15/15)            Temple (0/1) D:6            Lair (6/6) D:10
  Swamp (3/4) Lair:3        Snake (0/4) Lair:4        Slime (0/5) Lair:6
    Orc (2/2) D:9             Elf (0/3) Orc:2        Vaults (0/5) D:14
 Depths (0/4) D:15          Sewer (visited)         Ossuary (visited)
Gauntlet (visited)

Altars:
Ashenzari
Dithmenos
Gozag
Kikubaaqudgha
Nemelex Xobeh
Okawaru
Qazlal
Ru
Sif Muna
Trog
Vehumet
Wu Jian
Yredelemnul
Zin
The Shining One

Shops:
D:3 :   D:9 *   D:14 (   Orc:2 [[*(:


Innate Abilities, Weirdness & Mutations

You are immune to sickness and miasma.
Your stone body is resilient. (AC +12)
You are immune to poison.
Your large and strong wings let you fly.
You resist negative energy. (rN+)
You are resistant to electric shocks. (rElec)
You are resistant to unholy torment.
You are immune to petrification.


Message History

The tyrant leech is heavily wounded.
You whack the tyrant leech! You drain the tyrant leech.
The tyrant leech is severely wounded.
The tyrant leech bites you but does no damage.
You closely miss the tyrant leech.
The tyrant leech is severely wounded.
The bunyip claws you!!
* * * LOW HITPOINT WARNING * * *
You block the bunyip's attack. x2
Unknown command.
Unknown command.
Unknown command.
You are too berserk!
Unknown command.
You thrash the tyrant leech!! You drain the tyrant leech!
You kill the tyrant leech!
Trog accepts your kill.
You hit the bunyip. You drain the bunyip.
The bunyip is almost dead.
You whack the bunyip!
You kill the bunyip!
Trog accepts your kill.
You whack the seven-headed hydra!
The seven-headed hydra is moderately wounded.
You block the seven-headed hydra's attack. x2
The seven-headed hydra bites you but does no damage.
You block the seven-headed hydra's attack.
The seven-headed hydra closely misses you. x2
The seven-headed hydra bites you but does no damage.
You whack the seven-headed hydra! You drain the seven-headed hydra.
The seven-headed hydra is severely wounded.
You thrash the seven-headed hydra!!
The seven-headed hydra is almost dead.
You block the seven-headed hydra's attack.
The seven-headed hydra bites you but does no damage.
The seven-headed hydra bites you.
* * * LOW HITPOINT WARNING * * *
The seven-headed hydra bites you but does no damage.
The seven-headed hydra bites you!
You die...

♣≈§...♣♣ ♣♣.≈≈§♣♣♣♣♣♣♣♣♣
♣..≈≈≈≈♣ ♣.≈≈≈...♣......
♣♣.≈.≈≈♣♣ ♣♣≈≈≈≈≈≈...≈≈.≈≈
♣.≈≈≈≈..♣♣♣..≈...≈.♣≈≈≈≈..
♣.≈≈≈≈≈§♣...†≈≈≈≈≈♣≈≈≈≈.≈
♣≈≈.≈☼§Z§≈≈.≈≈≈♣.♣♣..≈..≈
♣.≈≈.§tF°§§.≈.≈≈≈≈.♣♣≈≈..
♣.≈≈☼≈♣♣♣D≈...≈≈≈♣.♣♣.≈♣≈
♣≈x≈☼☼≈♣@).≈...§♣♣.♣♣≈§≈)
♣...≈.≈†≈≈≈≈..♣♣♣≈≈.♣.≈≈†
...≈.≈...≈..≈≈...♣ ♣≈§..
♣..≈.≈≈≈.♣.≈.≈≈..♣.♣.≈≈..♣.≈
..≈≈♣≈.≈♣≈≈≈.≈≈.≈≈......♣♣..
.≈...≈.♣♣♣≈.....♣≈♣♣.≈≈≈ ♣♣.
[....≈. ♣♣$..>♣♣♣♣ ... ♣≈ .(
♣≈≈.♣♣ ≈≈ ♣♣≈ ♣.≈


You could see a seven-headed hydra (strong, drained).

Vanquished Creatures
  Gastronok (D:10)
  Roxanne (Swamp:1)
  Aizul (Swamp:1)
  An orc warlord (Orc:2)
  3 ghouls (Swamp:2)
  2 dire elephants
  2 eleionomae (Swamp:1)
  The ghost of Pios Xaciraj the Destroyer, a journeyman DgWz (D:14)
  A minotaur (Gauntlet)
  3 bunyips (Swamp:3)
  A blizzard demon (Gauntlet)
  21 hydras
  4 vault guards (D:14)
  5 boulder beetles
  A catoblepas (D:14)
  A ghost crab (Swamp:3)
  2 death knights
  10 alligators
  4 centaur warriors
  A merfolk avatar (Lair:6)
  An ogre mage (D:15)
  12 two-headed ogres
  8 death yaks
  3 orc high priests (Orc:2)
  Urug (Orc:2)
  2 tengu warriors
  A vampire mage (D:15)
  6 skeletal warriors
  2 sea snakes (Lair:6)
  A golden dragon zombie (D:15)
  3 swamp dragons
  2 goliath frogs (Swamp:1)
  3 spriggan druids
  4 bog bodies
  A phantasmal warrior (D:15)
  2 deep elf pyromancers (D:14)
  A necromancer (D:15)
  An iron dragon zombie (D:15)
  A harpy (Lair:6)
  6 orc knights
  23 ugly things
  4 cyclopes
  5 orc sorcerers (Orc:2)
  41 elephants
  A frost giant skeleton (D:15)
  4 will-o-the-wisps
  2 manticores (D:14)
  6 black mambas
  3 gargoyles
  A rust devil (Gauntlet)
  4 torpor snails
  17 cane toads
  An unseen horror (D:13)
  5 rime drakes
  9 komodo dragons
  4 freezing wraiths
  An ice devil (Gauntlet)
  3 efreet
  3 meliai (D:14)
  3 polar bears
  10 trolls
  8 hornets
  4 tyrant leeches
  14 slime creatures
  A spriggan zombie (D:15)
  A wind drake (shapeshifter) (D:15)
  A dream sheep (Lair:6)
  23 blink frogs
  A meliai zombie (D:10)
  A centaur simulacrum (D:14)
  A vampire (D:12)
  A ynoxinul (Gauntlet)
  8 spriggans
  7 wraiths
  32 yaks
  7 water elementals
  5 wyverns
  7 basilisks
  4 steam dragons
  6 vampire mosquitoes
  2 wargs
  6 nagas (Lair:4)
  7 swamp worms
  An acid dragon (D:12)
  18 water moccasins
  33 orc warriors
  A swamp drake (Swamp:3)
  7 necrophages
  A sky beast (D:6)
  5 black bears
  2 ice beasts
  10 ogres
  4 boggarts (D:15)
  8 centaurs
  17 wolves
  A phantom (D:4)
  An elf zombie (Ossuary)
  3 kobold brigands
  Blork the orc (D:6)
  12 bullfrogs
  A wyvern zombie (D:7)
  A water moccasin zombie (D:5)
  2 scorpions
  A wyvern skeleton (D:6)
  A howler monkey (D:6)
  11 wights
  6 electric eels
  A bullfrog zombie (D:5)
  10 centaur zombies
  2 human zombies (Ossuary)
  9 hounds
  A centaur skeleton (D:6)
  21 orc priests
  2 gnoll shamans
  5 jellies
  2 iron imps (Gauntlet)
  Jessica (D:2)
  An iguana (D:7)
  19 orc wizards
  2 hound zombies (D:5)
  3 mummies
  3 howler monkey zombies
  9 gnolls
  7 adders
  2 white imps
  An ufetubus (D:4)
  2 dart slugs
  75 orcs
  A bat (D:2)
  5 endoplasms
  11 giant cockroaches
  A gnoll zombie (Ossuary)
  4 goblins
  5 hobgoblins
  11 jackals
  12 quokkas
  12 ball pythons
  17 frilled lizards
  3 goblin zombies (Ossuary)
  2 hobgoblin zombies (Ossuary)
  15 kobolds
  4 orc zombies (Ossuary)
  A rat (D:1)
854 creatures vanquished.

Vanquished Creatures (others)
  A goliath frog (Swamp:3)
  4 bloated husks
  An orc wizard (D:10)
  An orc (Orc:2)
  2 bushes (Lair:2)
  32 foxfires
  65 fungi
  104 plants
  8 withered plants
218 creatures vanquished.

Grand Total: 1072 creatures vanquished

Notes
Turn   | Place    | Note
-------+----------+-------------------------------------------
     0 | D:1      | theElss the Gargoyle Berserker began the quest for the Orb.
     0 | D:1      | Reached XP level 1. HP: 14/14 MP: 1/1
    78 | D:1      | Reached XP level 2. HP: 16/19 MP: 2/2
   489 | D:1      | Reached ** piety under Trog
   490 | D:1      | Reached XP level 3. HP: 23/23 MP: 3/3
  1297 | D:2      | Noticed Jessica
  1302 | D:2      | Killed Jessica
  1303 | D:2      | Reached XP level 4. HP: 29/29 MP: 4/4
  1811 | D:3      | Found Horghas Geask's Book Emporium.
  1834 | D:3      | Found a glowing drain.
  1871 | Sewer    | Entered a sewer
  2240 | Sewer    | Reached XP level 5. HP: 29/33 MP: 5/5
  2454 | Sewer    | Reached XP level 6. HP: 30/39 MP: 6/6
  2775 | D:3      | Found a faded altar of an unknown god.
  2865 | D:3      | Reached *** piety under Trog
  2941 | D:3      | Found a stormy altar of Qazlal.
  2950 | D:3      | Found a basalt altar of Yredelemnul.
  3207 | D:3      | Found a sacrificial altar of Ru.
  3652 | D:4      | Noticed a necrophage
  3664 | D:4      | Killed a necrophage
  3665 | D:4      | Reached skill level 5 in Fighting
  3665 | D:4      | Reached XP level 7. HP: 44/44 MP: 7/7
  4717 | D:5      | Entered Level 5 of the Dungeon
  5026 | D:5      | Reached skill level 5 in Maces & Flails
  5026 | D:5      | Reached skill level 5 in Armour
  5132 | D:5      | Reached XP level 8. HP: 51/51 MP: 8/8
  5537 | D:5      | Found a glowing golden altar of the Shining One.
  6148 | D:6      | Found a sand-covered staircase.
  6154 | Ossuary  | Entered an ossuary
  6368 | Ossuary  | Reached **** piety under Trog
  6727 | Ossuary  | Reached XP level 9. HP: 39/56 MP: 9/9
  6940 | D:6      | Found a staircase to the Ecumenical Temple.
  6962 | D:6      | Reached skill level 5 in Dodging
  8303 | D:6      | Noticed Blork the orc
  8318 | D:6      | Killed Blork the orc
  8779 | D:7      | Found a bloodstained altar of Trog.
  9696 | D:7      | Reached XP level 10. HP: 50/64 MP: 7/10
  9898 | D:8      | Found a shimmering blue altar of Sif Muna.
 10522 | D:8      | Found an opulent altar of Gozag.
 10644 | D:8      | Found a radiant altar of Vehumet.
 10750 | D:9      | Found a staircase to the Orcish Mines.
 10813 | D:9      | Identified the +1 robe of Gohe {rPois Will+ Stlth+}
 10822 | D:9      | Found Cuntear's Mass Market.
 10829 | D:9      | Bought a +0 tower shield for 58 gold pieces
 11032 | D:9      | Noticed a two-headed ogre
 11038 | D:9      | Killed a two-headed ogre
 11101 | D:9      | Found a sparkling altar of Nemelex Xobeh.
 11227 | D:9      | Found a glowing silver altar of Zin.
 11266 | D:9      | Noticed a two-headed ogre
 11279 | D:9      | Killed a two-headed ogre
 11890 | D:9      | Found a shadowy altar of Dithmenos.
 12107 | D:10     | Entered Level 10 of the Dungeon
 12285 | D:10     | Reached XP level 11. HP: 63/72 MP: 9/11
 12680 | D:9      | Identified 2 scrolls of acquirement
 12680 | D:9      | Acquired a +1 demon whip of draining
 12797 | D:10     | Reached skill level 10 in Fighting
 12845 | D:10     | Found a staircase to the Lair.
 13191 | D:10     | Reached skill level 10 in Armour
 13251 | Lair:1   | Entered Level 1 of the Lair of Beasts
 13529 | D:10     | Noticed a two-headed ogre
 13537 | D:10     | Killed a two-headed ogre
 13629 | D:10     | Noticed a two-headed ogre
 13641 | D:10     | Killed a two-headed ogre
 14110 | D:10     | Found an ancient bone altar of Kikubaaqudgha.
 14119 | D:10     | Noticed Gastronok
 14134 | D:10     | Killed Gastronok
 14135 | D:10     | Reached skill level 10 in Maces & Flails
 14135 | D:10     | Reached XP level 12. HP: 80/80 MP: 12/12
 14180 | D:10     | Reached ***** piety under Trog
 14298 | D:10     | Found an ornate altar of the Wu Jian Council.
 14373 | Lair:1   | Noticed a four-headed hydra
 14382 | Lair:1   | Killed a four-headed hydra
 14382 | Lair:1   | Received a gift from Trog
 15019 | Lair:1   | Noticed a six-headed hydra
 15027 | Lair:1   | Killed a six-headed hydra
 15096 | Lair:1   | Noticed a five-headed hydra
 15106 | Lair:1   | Killed a five-headed hydra
 15884 | Lair:2   | Noticed a six-headed hydra
 15884 | Lair:2   | Noticed a four-headed hydra
 16177 | Lair:2   | Reached XP level 13. HP: 76/86 MP: 13/13
 17249 | Lair:2   | Reached skill level 10 in Dodging
 18233 | Lair:3   | Found a staircase to the Swamp.
 19127 | Lair:4   | Gained mutation: Your large and strong wings let you fly.
                  | [Gargoyle growth]
 19127 | Lair:4   | Reached XP level 14. HP: 71/94 MP: 14/14
 20022 | Lair:4   | Found a staircase to the Snake Pit.
 20170 | Lair:4   | Identified the +10 dire flail of Plunder {vorpal, Fly rC++
                  | rN+ Dex-3} (Trog gifted it to you on level 4 of the Lair of
                  | Beasts)
 20170 | Lair:4   | Received a gift from Trog
 20272 | Lair:4   | Noticed a dire elephant
 20297 | Lair:4   | Killed a dire elephant
 22064 | Lair:6   | Entered Level 6 of the Lair of Beasts
 22221 | Lair:6   | Found a staircase to the Slime Pits.
 22512 | Lair:6   | Reached XP level 15. HP: 93/101 MP: 13/15
 23057 | Lair:6   | Reached skill level 15 in Fighting
 23354 | Lair:6   | Received a gift from Trog
 24754 | D:11     | Reached skill level 15 in Armour
 25877 | D:13     | Found a frozen archway.
 25896 | D:13     | Found a gate leading to a gauntlet.
 25905 | Gauntlet | Entered a Gauntlet
 25905 | Gauntlet | Found a transporter.
 25912 | Gauntlet | Found a transporter.
 25914 | Gauntlet | Found a transporter.
 25932 | Gauntlet | Found a transporter.
 25933 | Gauntlet | Found a transporter.
 25945 | Gauntlet | Found a transporter.
 25962 | Gauntlet | Found a transporter.
 25963 | Gauntlet | Found the +1 cloak of Starlight {*Dazzle EV+4 Stlth--}
 25972 | Gauntlet | Found a transporter.
 25986 | Gauntlet | Found a transporter.
 26004 | Gauntlet | Found a transporter.
 26011 | Gauntlet | Found a transporter.
 26017 | Gauntlet | Found a transporter.
 26032 | Gauntlet | Found a runed translucent door.
 26120 | Gauntlet | Found a transporter.
 26144 | Gauntlet | Identified the +2 cloak of Qylox Vuce {Dex+5}
 27066 | D:13     | Found an iron altar of Okawaru.
 27330 | D:13     | Found a broken altar of Ashenzari.
 28539 | D:14     | Reached XP level 16. HP: 86/110 MP: 13/16
 29211 | D:14     | Received a gift from Trog
 29436 | D:14     | Reached skill level 1 in Shields
 29664 | D:13     | Reached skill level 1 in Evocations
 30018 | D:14     | Reached skill level 15 in Maces & Flails
 30234 | D:14     | Found a gate to the Vaults.
 30320 | D:14     | Found a radiant altar of Vehumet.
 30430 | D:14     | Found a runed translucent door.
 30431 | D:14     | Noticed Pios Xaciraj's ghost (journeyman DgWz)
 30547 | D:14     | Found Ysaoriy's Antique Weapon Boutique.
 30701 | D:14     | Killed Pios Xaciraj's ghost
 30811 | D:15     | Entered Level 15 of the Dungeon
 30811 | D:15     | Found a staircase to the Depths.
 31065 | D:15     | Reached skill level 5 in Shields
 33166 | Orc:1    | Entered Level 1 of the Orcish Mines
 33388 | Orc:2    | Entered Level 2 of the Orcish Mines
 33395 | Orc:2    | Received a gift from Trog
 33418 | Orc:2    | Found a staircase to the Elven Halls.
 33748 | Orc:2    | Reached XP level 17. HP: 51/115 MP: 17/17
 33794 | Orc:2    | Reached skill level 5 in Evocations
 33814 | Orc:2    | HP: 3/115 [orc priest/divine providence (14)]
 34647 | Orc:2    | Found Lofengio's General Store.
 34647 | Orc:2    | Found Guseal's Book Emporium.
 34648 | Orc:2    | Found Fiasev's Antique Armour Shoppe.
 34648 | Orc:2    | Found Nuj Hoaq's Antique Weapon Shoppe.
 34782 | Orc:2    | Noticed Urug
 34792 | Orc:2    | Killed Urug
 34823 | Orc:2    | Found Wiudghuh's Armour Boutique.
 34957 | Orc:1    | Received a gift from Trog
 35358 | Swamp:1  | Entered Level 1 of the Swamp
 36076 | Swamp:1  | Reached skill level 10 in Shields
 36090 | Swamp:1  | Identified the +1 pair of gloves of Music {+Inv Regen+
                  | Str+4 Dex-4}
 36102 | Swamp:1  | Noticed Roxanne
 36110 | Swamp:1  | Noticed Aizul
 36149 | Swamp:1  | Killed Aizul
 36539 | Swamp:1  | Killed Roxanne
 37616 | Swamp:3  | HP: 2/174 [bunyip[a spriggan druid] (28)]
 37622 | Swamp:3  | HP: 3/174 [seven-headed hydra[a spriggan druid] (3)]
 37622 | Swamp:3  | Mangled by a seven-headed hydra

Illustrated notes

Levels and vault maps discovered:
D:1:      wander_arrival_peaceful_grave, layout_basic, minmay_lizard_king
D:2:      layout_basic, uniq_jessica
D:3:      layout_basic, mainiacjoe_overflow_small_starburst,
          mainiacjoe_overflow_24_doors, yredelemnul_altar_generic,
          portal_sewer_entry_f, serial_shops, nicolae_shop_stone,
          shapermc_ecumenical_altar_flowoftime
D:4:      layout_basic
D:5:      layout_cave_pools, tso_metal_star
D:6:      layout_layer_cave, minmay_temple_entry_overgrown, enter_ossuary_5,
          minmay_misc_feat_secret_circle, minmay_tree_intersection,
          uniq_blork_the_orc
D:7:      layout_gridville, trog_ov_bears_minmay, wad_floor_pattern_2
D:8:      layout_rooms, old_standard_altar, mainiacjoe_overflow_surrounded_room,
          lemuel_crystal_altar
D:9:      layout_loops_ring, lemuel_coloured_pillars_altar,
          amcnicky_altar_gilded, general_overflow_altar, orc_0_dummy,
          minmay_shop_mass
D:10:     layout_cross, nicolae_kikubaaqudgha_miasma_corner,
          nzn_wu_jian_council_hall, erik_lair_island, serial_undead,
          serial_undead_d, serial_undead_c, serial_undead_f, serial_undead_e,
          serial_undead_d, serial_undead_a, serial_undead_c, st_stairs_10,
          uniq_gastronok
D:11:     layout_loops_cross, nicolae_underground_beach
D:12:     layout_loops_ring, hangedman_abyss_or_decor_stabs, kennysheep_dice
D:13:     layout_layer_cave, portal_ice_cave_entry_pillars_2,
          gauntlet_entry_generic, kennysheep_diamond,
          nicolae_ashenzari_panopticon
D:14:     layout_long_grid, lightli_vaults_fourway_checkpoint,
          ebering_ghost_inner_flame, vehumet_crystals, serial_shops,
          nicolae_shop_behind_doors
D:15:     gammafunk_depths_entry_grave, layout_stronghold,
          amcnicky_mini_rare_corridor_liquid
Lair:1:   layout_cellular_growth, guppyfry_lair_drakes
Lair:2:   layout_cave_pods, chequers_serial_rivers_small_b,
          nicolae_lair_grazing_beasts [nicolae_sub_lair_graze_edge,
          nicolae_sub_lair_graze_edge, nicolae_sub_lair_graze_edge,
          nicolae_sub_lair_graze_edge]
Lair:3:   layout_hall_layers, skrybe_swamp_entry_bodies, beast_lair_carwin_6
Lair:4:   mu_elephants_graveyard, layout_concentric_octagons,
          minmay_snake_entry_guardpost_medium
Lair:5:   hellmonk_ruined_rings, layout_loops_ring,
          chequers_serial_rivers_small_b
Lair:6:   gammafunk_lair_ancient_temple, layout_misc_corridors,
          minmay_slime_entry_pillars, hangedman_lair_generics_rect,
          grunt_megastairs_5
Swamp:1:  layout_basic_swamp, nicolae_swamp_triple_paths, uniq_roxanne,
          uniq_aizul
Swamp:2:  layout_basic_swamp, nicolae_swamp_oxbows, swamp_pool1,
          infiniplex_staircase_pool_2
Swamp:3:  nicolae_swamp_ascending_descending, layout_falls_marsh,
          evilmike_swamp_ruin_house_5, infiniplex_staircase_pool, uniq_jorgrun
Orc:1:    layout_caves
Orc:2:    st_orc_congregation, layout_caves, serial_shops, shop_fountains,
          uniq_urug

Skill      XL: |  1  2  3  4  5  6  7  8  9 10 11 12 13 14 15 16 17 |
---------------+----------------------------------------------------+-----
Dodging        | 2 3 4 5 7 8 9 10 11 12 | 12.9
Armour         | 3 4 5 6 7 9 10 12 13 14 15 16 | 16.4
Fighting       | 4 5 6 8 9 11 12 13 14 15 16 | 16.6
Maces & Flails | 4 5 6 7 8 10 11 12 13 14 15 | 15.0
Shields        | 8 10 | 10.0
Evocations     | 4 7 |  7.0

Action                   |  1- 3 |  4- 6 |  7- 9 | 10-12 | 13-15 | 16-18 || total
-------------------------+-------+-------+-------+-------+-------+-------++-------
Melee: Mace              |    88 |   221 |   552 |   236 |       |       ||  1097
       Unarmed           |     3 |       |       |       |       |       ||     3
       Punch             |       |     3 |     2 |       |       |       ||     5
       Whip              |       |       |       |   197 |       |       ||   197
       Demon whip        |       |       |       |   511 |  1692 |  1513 ||  3716
       Dire flail        |       |       |       |       |    17 |       ||    17
       Morningstar       |       |       |       |       |     8 |    42 ||    50
Invok: Berserk           |     1 |     3 |    17 |    12 |     8 |    13 ||    54
       Trog's Hand       |       |       |     2 |     1 |     2 |     7 ||    12
 Abil: Evoke Invisibilit |       |       |       |       |       |     2 ||     2
Evoke: Wand              |       |       |       |       |       |     4 ||     4
  Use: Scroll            |       |       |     3 |     9 |    18 |     4 ||    34
       Potion            |       |       |       |       |       |     4 ||     4
 Stab: Invisible         |       |       |       |       |       |     1 ||     1
Armor: Animal skin       |    15 |       |       |       |       |       ||    15
       Ring mail         |    13 |    98 |   146 |       |       |       ||   257
       Chain mail        |       |       |   101 |   109 |       |       ||   210
       Plate armour      |       |       |       |   562 |  1024 |   638 ||  2224
Dodge: Dodged            |    57 |   293 |   456 |   441 |   645 |   481 ||  2373
Block: Buckler           |       |       |    20 |    12 |       |       ||    32
       Tower shield      |       |       |       |   472 |   896 |  1396 ||  2764
       Reflection        |       |       |       |       |       |     9 ||     9
